 Dungeon Crawl Stone Soup version 0.30-a0-965-g42e074c17a (webtiles) character file.

Game seed: 1032336524864442253

24 sircluck the Ruffian (level 2, -18/31 HPs)
             Began as a Troll Berserker on Mar 31, 2023.
             Demolished by a polar bear (20 damage)
             ... created by the rage of Trog
             ... on level 2 of the Dungeon.
             The game lasted 00:01:03 (1096 turns).

sircluck the Ruffian (Troll Berserker)              Turns: 1096, Time: 00:01:04

Health: -18/31     AC:  4    Str: 24    XL:     2   Next: 79%
Magic:  1/1        EV: 10    Int:  3    God:
Gold:   63         SH:  0    Dex:  9    Spells: 1/1 levels left

rFire   . . .      SeeInvis .      - Unarmed
rCold   . . .      Faith    .    (no shield)
rNeg    . . .      Spirit   .    a - +0 animal skin
rPois   .          Reflect  .    (helmet restricted)
rElec   .          Rampage  .    (no cloak)
rCorr   .                        (gloves unavailable)
Will    .....                    (boots unavailable)
Stlth   +                        (no amulet)
HPRegen 1.05/turn                (no ring)
MPRegen 0.07/turn                (no ring)

@: slowed, very slow
A: large, unfitting armour, claws 3, regeneration 1, shaggy fur 1, tough skin 1
a: no special abilities


You were on level 2 of the Dungeon.
You visited 1 branch of the dungeon, and saw 2 of its levels.

You collected 63 gold pieces.

Inventory:

Armour
 a - a +0 animal skin (worn)
Scrolls
 b - a scroll of enchant weapon {unknown}
 c - 2 scrolls of fog {unknown}
Potions
 d - a potion of degeneration {unknown}
 e - a potion of berserk rage {unknown}


   Skills:
 + Level 3.0 Fighting
 + Level 2.5 Dodging
 + Level 3.3 Unarmed Combat


You had one spell level left.
You didn't know any spells.
Your spell library was empty.

Dungeon Overview and Level Annotations

Branches:
Dungeon (1/15)

Altars:


Innate Abilities, Weirdness & Mutations

You are too large for most types of armour.
You have claws for hands.
Your natural rate of healing is unusually fast.
You are covered in fur. (AC +1)
You have tough skin. (AC +1)


Message History

The ball python barely misses you. The kobold misses you.
The ball python barely misses you. The kobold hits you with a +0 dagger.
The ball python bites you but does no damage.
The ball python closely misses you. The kobold hits you but does no damage.
The ball python barely misses you. The kobold hits you but does no damage.
The ball python barely misses you. The kobold closely misses you.
The ball python bites you but does no damage.
The kobold hits you but does no damage. The ball python closely misses you.
The kobold barely misses you.
The ball python bites you but does no damage.
The ball python closely misses you. The kobold hits you with a +0 dagger.
The ball python bites you. The kobold closely misses you.
The ball python bites you. The kobold barely misses you.
Trog sends monsters to punish you.
The divine experience drains your vigour!
You feel yourself slow down.
A polar bear and 2 black bears come into view.
The ball python bites you but does no damage.
The kobold barely misses you.
The ball python bites you but does no damage.
The black bear bites you but does no damage.
The black bear claws you. The black bear barely misses you.
The ball python bites you but does no damage.
The black bear bites you! The black bear claws you.
The black bear claws you but does no damage.
The ball python bites you.
The polar bear bites you but does no damage.
The polar bear claws you.
The polar bear claws you but does no damage.
The black bear bites you.
* * * LOW HITPOINT WARNING * * *
The black bear claws you.
* * * LOW HITPOINT WARNING * * *
The black bear claws you.
* * * LOW HITPOINT WARNING * * *
The ball python bites you.
* * * LOW HITPOINT WARNING * * *
The polar bear bites you!!
Ouch! That really hurt!
You die...

.# .# .#
.# .# h#
##h##
#@h.#
#SK.#####
#........
#.#.#####
### #.#.#
#...#
#.#.#
#.#.# #.#
# ###.#.#
#.#
...#.#
#.# #


You could see a polar bear (berserk), 2 black bears, a ball python and a kobold.

Vanquished Creatures
  A gnoll (D:1)
  A dart slug (D:1)
  2 endoplasms (D:1)
  2 goblins (D:1)
  2 hobgoblins (D:1)
  2 ball pythons (D:1)
  A frilled lizard (D:1)
  A kobold (D:1)
12 creatures vanquished.

Notes
Turn   | Place    | Note
-------+----------+-------------------------------------------
     0 | D:1      | sircluck the Troll Berserker began the quest for the Orb.
     0 | D:1      | Reached XP level 1. HP: 22/22 MP: 0/0
     0 | D:1      | Fell from the grace of Trog
   799 | D:1      | Reached XP level 2. HP: 27/29 MP: 1/1
  1033 | D:1      | You fall into a shaft and drop 1 floor!
  1094 | D:2      | Noticed a polar bear
  1094 | D:2      | Noticed a black bear
  1094 | D:2      | Noticed a black bear
  1096 | D:2      | Demolished by a polar bear

Illustrated notes

Levels and vault maps discovered:
D:1:      lemuel_arrival_muddy, layout_basic, minmay_vboxes
D:2:      layout_loops_ring, uniq_natasha

Skill      XL: |  1  2 |
---------------+-------+-----
Fighting       | 3 |  3.0
Dodging        | |  2.5
Unarmed Combat | |  3.3

Action                     || total
---------------------------++-------
  Melee: Unarmed           ||    23
 Invoke: Renounce Religion ||     1
 Armour: Animal skin       ||    61
  Dodge: Dodged            ||    79

Table legend: (Time is in decaauts)
 A = Elapsed time spent in this place.
 B = Non-inter-level travel time spent in this place.
 C = Inter-level travel time spent in this place.
 D = Time resting spent in this place.
 E = Time spent auto-exploring this place.
 F = Levels seen in this place.
 G = Mean time per level.
                   A        B        C        D        E       F      G
               +--------+--------+--------+--------+--------+-----+--------+
         Total |   1095 |   1095 |      0 |    700 |    152 |   2 |  547.5 |
       Dungeon |   1095 |   1095 |      0 |    700 |    152 |   2 |  547.5 |
               +--------+--------+--------+--------+--------+-----+--------+

Top non-repeatable levels by time:
     D:1: 1032 daAuts
     D:2: 63 daAuts
